 Dungeon Crawl Stone Soup version 0.30-a0-913-g9934a0ce24 (webtiles) character file.

Game seed: 5430658418321241119

63 ragingrage the Grasshopper (level 3, -1/20 HPs)
             Began as a Deep Elf Warper on Mar 19, 2023.
             Was an Initiate of Ru.
             Killed from afar by an orc wizard (7 damage)
             ... with a magic dart
             ... on level 3 of the Dungeon.
             The game lasted 00:03:54 (2034 turns).

ragingrage the Grasshopper (Deep Elf Warper)        Turns: 2034, Time: 00:03:55

Health: -1/20      AC:  4    Str:  8    XL:     3   Next: 89%
Magic:  9/9        EV: 12    Int: 17    God:    Ru [......]
Gold:   42         SH:  0    Dex: 16    Spells: 6/8 levels left

rFire   . . .      SeeInvis .    a - +0 falchion
rCold   . . .      Faith    .    (no shield)
rNeg    . . .      Spirit   .    l - +0 leather armour
rPois   .          Reflect  .    (no helmet)
rElec   .          Rampage  .    j - +0 cloak
rCorr   .                        (no gloves)
Will    +....                    (no boots)
Stlth   ++                       q - amulet "Kuata" {Will+ Regen+}
HPRegen 1.03/turn                (no ring)
MPRegen 0.11/turn                (no ring)

@: no status effects
A: no striking features
a: Renounce Religion


You were on level 3 of the Dungeon.
You worshipped Ru.
Ru was noncommittal.
You visited 1 branch of the dungeon, and saw 3 of its levels.

You collected 42 gold pieces.

Inventory:

Hand Weapons
 a - a +0 falchion (weapon)
 b - a +0 dagger
 e - a +0 short sword
Missiles
 d - 7 boomerangs of dispersal
 m - 4 poisoned darts
Armour
 j - a +0 cloak (worn)
 l - a +0 leather armour (worn)
 o - a +0 pair of gloves
 r - a +0 pair of gloves
Jewellery
 q - the amulet "Kuata" (around neck) {Will+ Regen+}
   (You found it on level 2 of the Dungeon)

   [amulet of regeneration]

   Regen:     It increases your rate of health regeneration.
   Will:      It increases your willpower.
Scrolls
 c - a scroll of blinking
 g - a scroll of enchant armour {unknown}
 h - 2 scrolls of vulnerability {unknown}
 n - 3 scrolls of identify {unknown}
Potions
 f - a potion of lignification {unknown}
 i - a potion of mutation {unknown}
 k - a potion of magic {unknown}
 p - a potion of flight {unknown}
 s - a potion of berserk rage {unknown}
 t - a potion of cancellation {unknown}


   Skills:
 - Level 1.5 Fighting
 - Level 0.9(2.0) Short Blades
 - Level 2.4(2.5) Long Blades
 - Level 1.0 Throwing
 - Level 0.7 Armour
 - Level 2.4 Dodging
 + Level 2.7 Stealth
 - Level 3.0 Spellcasting
 + Level 1.4 Hexes
 - Level 3.2 Translocations
 + Level 1.2 Ice Magic


You had 6 spell levels left.
You knew the following spells:

 Your Spells              Type           Power      Damage    Failure   Level
a - Ensorcelled Hibernat  Hex/Ice        14%        N/A       22%         2

Your spell library contained the following spells:

 Spells                   Type           Power      Damage    Failure   Level
 Blink                    Tloc           26%        N/A       10%         2
 Lesser Beckoning         Tloc           26%        N/A       10%         2
 Teleport Other           Tloc           13%        N/A       19%         3
 Vhi's Electric Charge    Tloc/Air       16%        N/A       36%         3
 Manifold Assault         Tloc           13%        N/A       54%         4
 Spider Form              Tmut/Pois      2%         N/A       58%         3
 Anguish                  Hex/Necr       2%         N/A       88%         4


Dungeon Overview and Level Annotations

Branches:
Dungeon (3/15)

Altars:
Ru

Shops:
D:1 *

Annotations:
D:1 exclusion: 2 jackals
D:2 Jessica
D:3 exclusion: upstairs


Message History

You open the door.
An orc comes into view. It is wielding a +0 club.
An orc comes into view. It is wielding a +0 mace.
There is an open door here.
An orc wizard and 3 orcs come into view.
The orc shouts! x2; The orc wizard shouts!
The orc shouts!
You hear a shout!
A rat comes into view.
There is an open door here.
You hear the brisk rusting of a very distant drain.
You closely miss the orc. The orc hits you but does no damage.
You hit the orc. The orc hits you but does no damage.
You barely miss the orc. The orc hits you with a +0 club.
You hit the orc but do no damage.
The orc wizard casts a spell.
The orc wizard flickers and vanishes!
Deactivating autopickup; reactivate with Ctrl-A.
The orc barely misses you.
You closely miss the orc. The orc misses you.
You slash the orc!
You kill the orc!
You aren't carrying any items that you can evoke.
Okay, then.
Something hits you.
Things that are here:
a +0 mace; a +0 leather armour You hit something.
You hear some strange, mumbled words.
A puff of flame appears from out of thin air!
The puff of flame hits you.
You miss something. Something completely misses you.
You barely miss something.
You hear some strange, mumbled words.
A puff of flame appears from out of thin air!
The puff of flame hits you!
You hit something. Something hits you.
* * * LOW HITPOINT WARNING * * *
You hear some strange, mumbled words.
A magic dart appears from out of thin air!
The magic dart hits you!
You die...

# ###### #....# ##### #####....#
#...# .>.......## #...#### .
#.###.....# #......# .
####....### #......# # ..#
####...##### #..(...# #...#
#.#o{@..# #......# #...+
#.#####.####......#### #...#
#o...##..............# ###...#
#....#######.........# ......#
#...)##### ##.####....
......###+##..........##.........
.....#[..o.o..........##......>#.
......o.....##........###......##
..####'####.####......# #......#


You could see an orc.

Vanquished Creatures
  2 adders (D:3)
  2 orcs (D:3)
  A ball python (D:1)
  4 endoplasms
  A giant cockroach (D:3)
  6 goblins
  3 hobgoblins
  4 jackals
  A quokka (D:1)
  4 bats
  3 frilled lizards
  5 kobolds
  3 rats
39 creatures vanquished.

Notes
Turn   | Place    | Note
-------+----------+-------------------------------------------
     0 | D:1      | ragingrage the Deep Elf Warper began the quest for the Orb.
     0 | D:1      | Reached XP level 1. HP: 12/12 MP: 6/6
   192 | D:1      | Found Cogiu's General Store.
   217 | D:1      | Reached skill level 1 in Stealth
   336 | D:1      | Reached XP level 2. HP: 16/16 MP: 8/8
  1099 | D:1      | Learned a level 2 spell: Ensorcelled Hibernation
  1395 | D:2      | Reached XP level 3. HP: 20/20 MP: 9/9
  1595 | D:2      | Identified the amulet "Kuata" {Will+ Regen+}
  1610 | D:2      | Noticed Jessica
  1648 | D:3      | Reached skill level 1 in Hexes
  1750 | D:3      | Reached skill level 1 in Ice Magic
  1884 | D:3      | Found a faded altar of an unknown god.
  1914 | D:3      | Found a sacrificial altar of Ru.
  1922 | D:3      | Became a worshipper of Ru the Awakened
  2034 | D:3      | Killed from afar by an orc wizard

Illustrated notes

Levels and vault maps discovered:
D:1:      evilmike_arrival_fibonacci_small, layout_basic, serial_shops, shop
D:2:      layout_rooms, basic_altar, uniq_jessica
D:3:      layout_basic, nicolae_ru_sacrificial_ziggurat,
          hellmonk_ecumenical_altar_inner_sanctum, gup_sewer_entry_spiral,
          minmay_statues_item

Skill      XL: |  1  2  3 |
---------------+----------+-----
Long Blades    | 2 |  2.4
Stealth        | 1 2 |  2.7
Hexes          | 1 |  1.4
Ice Magic      | 1 |  1.2
Fighting       | |  1.5
Short Blades   | |  0.9
Throwing       | |  1.0
Armour         | |  0.7
Dodging        | |  2.4
Spellcasting   | |  3.0
Translocations | |  3.2

Action                     || total
---------------------------++-------
  Melee: Falchion          ||   131
         Punch             ||     2
         Dagger            ||     4
   Cast: Ensorcelled Hiber ||     7
   Stab: Sleeping          ||     5
 Armour: Leather armour    ||    35
  Dodge: Dodged            ||    92

Table legend: (Time is in decaauts)
 A = Elapsed time spent in this place.
 B = Non-inter-level travel time spent in this place.
 C = Inter-level travel time spent in this place.
 D = Time resting spent in this place.
 E = Time spent auto-exploring this place.
 F = Levels seen in this place.
 G = Mean time per level.
                   A        B        C        D        E       F      G
               +--------+--------+--------+--------+--------+-----+--------+
         Total |   2058 |   1896 |    162 |    274 |   1021 |   3 |  686.0 |
       Dungeon |   2058 |   1896 |    162 |    274 |   1021 |   3 |  686.0 |
               +--------+--------+--------+--------+--------+-----+--------+

Top non-repeatable levels by time:
     D:1: 1322 daAuts
     D:3: 415 daAuts
     D:2: 320 daAuts
